 Dungeon Crawl Stone Soup version 0.30-a0-4-ga7cffc901d (webtiles) character file.

Game seed: 4880566699212690119

107 Adrian566 the Chopper (level 4, -1/35 HPs)
             Began as a Demonspawn Fighter on Aug 21, 2022.
             Succumbed to a water moccasin's poison
             ... on level 3 of the Dungeon.
             The game lasted 00:02:05 (2410 turns).

Adrian566 the Chopper (Demonspawn Fighter)          Turns: 2410, Time: 00:02:06

Health: -1/35      AC:  6    Str: 17 (18) XL:     4   Next: 56%
Magic:  4/4        EV:  9    Int:  9 (11) God:
Gold:   108        SH:  8    Dex: 12 (13) Spells: 3/3 levels left

rFire   . . .      SeeInvis .    a - +0 war axe
rCold   . . .      Faith    .    c - +0 buckler
rNeg    . . .      Spirit   .    b - +0 scale mail
rPois   .          Reflect  .    (no helmet)
rElec   .          Harm     .    (no cloak)
rCorr   .          Rampage  .    (no gloves)
Will    .....                    (no boots)
Stlth   ..........               (no amulet)
HPRegen 0.11/turn                (no ring)
MPRegen 0.09/turn                (no ring)

@: mighty, lethally poisoned (-1 -> -15)
A: big brain 1, condensation shield
a: no special abilities


You were on level 3 of the Dungeon.
You visited 1 branch of the dungeon, and saw 3 of its levels.

You collected 108 gold pieces.

Inventory:

Hand Weapons
 a - a +0 war axe (weapon)
Armour
 b - a +0 scale mail (worn)
 c - a +0 buckler (worn)
Scrolls
 g - a scroll of amnesia
 h - a scroll of immolation
Potions
 d - a potion of might


   Skills:
 + Level 3.4 Fighting
 * Level 3.5 Axes
 + Level 3.0 Armour
 + Level 0.4 Dodging
 + Level 3.0 Shields


You had 3 spell levels left.
You didn't know any spells.
Your spell library contained the following spells:

 Spells                   Type           Power      Damage    Failure   Level
 Blink                    Tloc           0%         N/A       95%         2
 Lesser Beckoning         Tloc           0%         N/A       99%         3
 Manifold Assault         Tloc           0%         N/A       100%        5


Dungeon Overview and Level Annotations

Branches:
Dungeon (3/15)

Altars:

Shops:
D:1 !=**   D:3 (


Innate Abilities, Weirdness & Mutations

You have an unusually large brain. (Int +2)
A meltable shield of frost defends you. (SH +4)


Message History

The water moccasin poisons you!
You closely miss the water moccasin.
You feel very sick. You block the water moccasin's attack.
The water moccasin barely misses you.
You hit the water moccasin.
The water moccasin is lightly wounded.
You feel very sick. The water moccasin bites you. x2
You are lethally poisoned!
The water moccasin poisons you!
You are too injured to fight recklessly!
You are too injured to fight recklessly!
You are too injured to fight recklessly!
You are too injured to fight recklessly!
You are too injured to fight recklessly!
You are too injured to fight recklessly!
You are too injured to fight recklessly!
You are too injured to fight recklessly!
You are too injured to fight recklessly!
You are too injured to fight recklessly!
You are too injured to fight recklessly!
You are too injured to fight recklessly!
You are too injured to fight recklessly!
You are too injured to fight recklessly!
You are too injured to fight recklessly!
You are too injured to fight recklessly!
Unknown command.
You feel very mighty all of a sudden.
* * * LOW HITPOINT WARNING * * *
You feel very sick.
The water moccasin bites you but does no damage.
You slash the water moccasin!
The water moccasin is heavily wounded.
* * * LOW HITPOINT WARNING * * *
You feel very sick. The water moccasin closely misses you.
The water moccasin bites you but does no damage.
You hit the water moccasin.
The water moccasin is severely wounded.
You die...

#...# #...# #...# #...#
#)..# ####...###
######........###
#......######...#
##.###### ###@#
#.......##.......S......
..#.......=######.......
..#.....## #......
#####.### ...... .## #.#
...... †.# #.# ..... ..#
#.# #.... ..###.#######


You could see a water moccasin.

Vanquished Creatures
  2 gnolls (D:1)
  3 adders (D:2)
  2 worms (D:2)
  A dart slug (D:2)
  5 ball pythons
  8 bats
  5 endoplasms
  4 giant cockroaches
  3 goblins
  5 hobgoblins
  3 jackals (D:2)
  4 kobolds
  5 frilled lizards
  4 rats
54 creatures vanquished.

Notes
Turn   | Place    | Note
-------+----------+-------------------------------------------
     0 | D:1      | Adrian566 the Demonspawn Fighter began the quest for the
                  | Orb.
     0 | D:1      | Reached XP level 1. HP: 18/18 MP: 1/1
    86 | D:1      | Found Coriocai's General Store.
   114 | D:1      | Found Fekiojon's Jewellery Boutique.
   211 | D:1      | Gained mutation: You have an unusually large brain. (Int
                  | +2) [demonic ancestry]
   211 | D:1      | Reached XP level 2. HP: 24/24 MP: 2/2
   404 | D:1      | Found Daotz's Assorted Antiques.
   786 | D:1      | Gained mutation: A meltable shield of frost defends you.
                  | (SH +4) [demonic ancestry]
   786 | D:1      | Reached XP level 3. HP: 29/29 MP: 3/3
   925 | D:1      | Found Hunladof's Distillery.
  1506 | D:2      | Reached XP level 4. HP: 23/35 MP: 4/4
  2370 | D:3      | Found Iblus's Weapon Shop.
  2402 | D:3      | Noticed a water moccasin
  2410 | D:3      | Succumbed to a water moccasin's poison

Illustrated notes

Levels and vault maps discovered:
D:1:      evilmike_arrival_crescent, layout_loops_ring, serial_shops,
          nicolae_shop_advertising_works [nicolae_subvault_shop_adworks], shop,
          nicolae_shop_hallway_plus, shop, palyth_stone_intersect
D:2:      layout_loops_ring, basic_altar
D:3:      layout_rooms, kb_xom_exploding_sheep, serial_shops,
          nicolae_shop_bloodbath_and_beyond, minmay_randomly_rotated_circles

Skill      XL: |  1  2  3  4 |
---------------+-------------+-----
Axes           | 2 3 |  3.5
Armour         | 3 |  3.0
Shields        | 3 |  3.0
Fighting       | |  3.4
Dodging        | |  0.4

Action                   |  1- 3 |  4- 6 || total
-------------------------+-------+-------++-------
Melee: War axe           |    91 |    69 ||   160
  Use: Potion            |     2 |     5 ||     7
       Scroll            |     2 |     4 ||     6
Armor: Scale mail        |    43 |    31 ||    74
Dodge: Dodged            |    26 |    29 ||    55
Block: Buckler           |    34 |    30 ||    64

Table legend: (Time is in decaauts)
 A = Elapsed time spent in this place.
 B = Non-inter-level travel time spent in this place.
 C = Inter-level travel time spent in this place.
 D = Time resting spent in this place.
 E = Time spent auto-exploring this place.
 F = Levels seen in this place.
 G = Mean time per level.
                   A        B        C        D        E       F      G
               +--------+--------+--------+--------+--------+-----+--------+
         Total |   2454 |   2416 |     38 |      0 |   2017 |   3 |  818.0 |
       Dungeon |   2454 |   2416 |     38 |      0 |   2017 |   3 |  818.0 |
               +--------+--------+--------+--------+--------+-----+--------+

Top non-repeatable levels by time:
     D:2: 1291 daAuts
     D:1: 1127 daAuts
     D:3: 35 daAuts
